Map: Purifer sector P9

Players

pta - Winner!

  • Race: Zerg Zerg
  • Spawn Location: 5:00

A.I. 1 (Harder)

  • Race: Protoss Protoss
  • Spawn Location: 7:00

VOD

Have the link to the VOD?

Description

Time

  • Played on: April 28, 2019, 9:17 a.m.
  • Length: 22:18
Show
View Real Time Build Order
Export as new Build Order

pta Zerg - Winner!

Build Orders: Pool First, Lurkers, Roach Hydra 

Get SALT Encoding   

  12  0:01  Drone  
  13  0:28  Spawning Pool  
  13  0:31  Drone x2  
  14  0:39  Overlord  
  14  0:53  Extractor  
  14  0:55  Drone  
  14  1:04  Drone  
  14  1:08  Drone  
  16  1:15  Queen  
  18  1:22  Drone  
  19  1:29  Drone  
  19  1:30  Roach Warren  
  19  1:37  Extractor, Drone  
  20  1:47  Drone  
  20  2:00  Drone  
  21  2:01  Lair  
  21  2:08  Drone  
  22  2:18  Overlord  
  22  2:31  Hatchery  
  23  2:37  Roach  
  23  2:39  Roach  
  23  2:43  Roach  
  27  2:52  Drone  
  27  2:57  Drone  
  29  3:22  Drone  
  30  3:41  Extractor  
  30  3:46  Drone  
  30  3:53  Queen  
  32  3:56  Overlord  
  32  3:57  Overlord  
  32  3:58  Roach x2  
  36  4:12  Pneumatized Carapace  
  36  4:19  Glial Reconstitution  
  36  4:20  Metabolic Boost  
  36  4:23  Drone  
  36  4:24  Drone  
  38  4:25  Drone x2  
  38  4:29  Evolution Chamber  
  39  4:33  Drone x3  
  39  4:36  Drone  
  39  4:38  Drone  
  44  4:47  Roach x2  
  44  4:51  Roach  
  50  4:59  Spine Crawler  
  49  5:01  Drone  
  49  5:06  Overlord  
  50  5:09  Overlord  
  50  5:12  Drone  
  51  5:15  Drone  
  52  5:21  Spine Crawler  
  51  5:35  Roach x2  
  55  5:36  Roach x2  
  59  5:43  Zerg Ground Armor Level 1  
  59  6:03  Drone x3  
  62  6:19  Roach  
  64  6:30  Evolution Chamber  
  63  6:35  Hydralisk Den, Roach x3  
  63  6:36  Overlord x3  
  68  6:48  Spine Crawler  
  68  6:51  Spine Crawler  
  68  6:52  Spine Crawler, Drone x2  
  68  6:53  Drone  
  68  7:03  Zerg Missile Weapons Level 1  
  68  7:05  Grooved Spines  
  69  7:08  Drone  
  69  7:09  Drone  
  69  7:14  Overlord  
  70  7:17  Drone  
  70  7:20  Drone  
  72  7:23  Drone  
  72  7:26  Drone  
  74  7:39  Drone x3  
  77  8:02  Hatchery  
  77  8:03  Extractor  
  75  8:17  Spine Crawler  
  75  8:18  Spine Crawler  
  75  8:19  Spine Crawler  
  72  8:32  Hydralisk x4  
  72  8:33  Hydralisk x2  
  84  8:42  Drone x2  
  86  8:49  Muscular Augments  
  86  8:51  Zerg Ground Armor Level 2  
  86  9:00  Zerg Missile Weapons Level 2  
  86  9:04  Overlord  
  86  9:12  Hydralisk x2  
  54  9:55  Hydralisk x3  
  56  10:19  Hydralisk  
  56  10:20  Hydralisk x9  
  56  10:21  Hydralisk  
  78  10:31  Drone x2  
  78  10:32  Lurker Den  
  79  10:37  Hydralisk  
  79  10:41  Hydralisk  
  83  10:46  Drone x2  
  83  10:48  Drone  
  86  11:02  Drone  
  87  11:11  Queen  
  89  11:30  Drone x2  
  89  11:31  Drone  
  92  11:51  Spine Crawler  
  92  11:52  Spine Crawler x2  
  89  11:59  Spine Crawler  
  89  12:00  Spine Crawler  
  89  12:01  Lurker x3  
  90  12:02  Lurker  
  91  12:13  Drone x3  
  94  12:46  Hydralisk x3  
  94  12:47  Hydralisk x3  
  94  12:48  Hydralisk x2  
  94  12:49  Overlord x3  
  94  12:50  Overlord x3  
  110  12:58  Infestation Pit  
  110  13:01  Spire  
  88  13:27  Lurker x2  
  88  13:30  Hydralisk x3  
  96  13:41  Hydralisk x4  
  96  13:46  Spore Crawler  
  96  13:47  Hive, Spore Crawler  
  102  14:13  Drone x3  
  102  14:14  Extractor  
  104  14:34  Overlord x5  
  104  14:35  Overlord x3  
  104  14:50  Overseer  
  104  14:57  Overseer x3  
  104  15:12  Corruptor x3  
  104  15:13  Corruptor x3  
  114  15:14  Corruptor  
  114  15:20  Greater Spire  
  118  15:45  Spore Crawler  
  118  15:46  Spore Crawler  
  118  15:48  Spore Crawler  
  105  16:40  Brood Lord x3  
  105  16:41  Brood Lord x2  
  115  17:06  Brood Lord  
  115  17:38  Brood Lord  
  97  18:11  Hydralisk x2  
  97  18:12  Hydralisk x3  
  101  18:13  Hydralisk x3  
  103  18:35  Zergling x18  
  103  18:36  Zergling x22  
  103  18:37  Zergling x24  
  103  18:38  Zergling x8  
  139  18:41  Adrenal Glands  
  113  20:13  Mutalisk x4  
  114  20:27  Zergling x22  
  114  20:28  Zergling x24  
  133  20:29  Zergling x18  
Show
View Real Time Build Order
Export as new Build Order

A.I. 1 (Harder) Protoss 

Build Orders: 1 Gate Expand 

Get SALT Encoding   

  12  0:00  Probe  
  13  0:13  Probe  
  14  0:20  Pylon  
  14  0:25  Probe  
  15  0:35  Probe  
  16  0:43  Probe  
  17  0:50  Gateway  
  17  1:11  Probe  
  17  1:18  Pylon  
  18  1:20  Assimilator  
  18  1:26  Probe  
  19  1:37  Gateway  
  19  1:40  Nexus  
  19  1:42  Zealot  
  21  1:55  Cybernetics Core  
  21  1:56  Probe  
  22  2:09  Probe  
  23  2:18  Pylon  
  23  2:22  Assimilator  
  23  2:24  Probe  
  23  2:27  Warp Gate  
  24  2:30  Adept  
  24  2:31  Stalker  
  28  2:43  Probe  
  29  2:51  Probe  
  29  2:54  Adept  
  29  2:55  Probe  
  31  2:59  Probe  
  34  3:07  Probe  
  34  3:10  Probe  
  36  3:14  Gateway  
  36  3:18  Zealot  
  36  3:19  Probe  
  39  3:22  Probe  
  40  3:29  Adept  
  42  3:45  Adept  
  42  3:47  Pylon  
  44  3:55  Stargate  
  44  4:00  Sentry  
  44  4:02  Assimilator  
  46  4:05  Probe, Stalker  
  46  4:06  Probe  
  46  4:07  Assimilator  
  50  4:14  Probe  
  50  4:17  Probe  
  50  4:22  Pylon  
  50  4:23  Probe  
  52  4:30  Probe  
  54  4:35  Probe, Zealot  
  54  4:37  Forge  
  57  4:42  Probe  
  58  4:46  Void Ray  
  58  4:47  Probe  
  63  4:53  Pylon  
  63  4:54  Probe  
  63  4:55  Probe  
  63  4:58  Zealot  
  67  5:06  Probe  
  68  5:08  Probe  
  68  5:09  Adept  
  71  5:15  Protoss Ground Armor Level 1  
  71  5:18  Probe, Pylon  
  71  5:20  Probe  
  71  5:21  Adept  
  75  5:30  Probe  
  75  5:32  Adept  
  78  5:36  Probe  
  79  5:43  Pylon  
  79  5:44  Adept  
  81  5:55  Adept  
  83  6:01  Photon Cannon  
  83  6:05  Pylon  
  83  6:07  Sentry  
  83  6:08  Photon Cannon  
  85  6:12  Pylon  
  85  6:14  Pylon  
  85  6:18  Stalker  
  87  6:22  Robotics Facility  
  87  6:24  Twilight Council  
  86  6:29  Stalker  
  86  6:30  Forge  
  88  6:34  Photon Cannon  
  88  6:37  Photon Cannon  
  88  6:41  Stalker  
  88  6:42  Void Ray  
  94  6:57  Protoss Ground Weapons Level 1  
  94  7:08  Observer  
  95  7:22  Observer  
  96  8:14  Nexus  
  96  8:40  Void Ray  
  96  8:44  Void Ray  
  96  8:50  Warp Prism  
  96  8:53  Protoss Ground Weapons Level 2  
  96  8:55  Gateway  
  102  8:59  Protoss Ground Armor Level 2  
  102  9:00  Robotics Bay  
  102  9:05  Robotics Facility  
  102  9:11  Stargate  
  102  9:15  Pylon  
  102  9:16  Warp Prism  
  102  9:27  Probe  
  102  9:28  Probe x2  
  105  9:35  Zealot  
  105  9:36  Assimilator  
  95  9:38  Fleet Beacon  
  95  9:42  Gravitic Drive  
  85  9:47  Nexus, Pylon  
  85  9:49  Pylon  
  85  9:50  Assimilator  
  85  9:52  Observer, Colossus  
  80  9:53  Gateway  
  72  10:02  Stargate  
  72  10:03  Stalker  
  72  10:10  Probe  
  72  10:11  Probe  
  72  10:12  Probe, Sentry  
  72  10:13  Warp Prism  
  79  10:20  Stalker  
  81  10:22  Probe  
  81  10:23  Probe  
  81  10:25  Photon Cannon  
  83  10:29  Sentry  
  83  10:32  Photon Cannon  
  83  10:35  Gravitic Boosters  
  85  10:37  Void Ray  
  89  10:46  Void Ray  
  93  10:52  Carrier  
  93  10:54  Colossus, Protoss Air Weapons Level 1  
  99  10:59  Protoss Shields Level 1  
  99  11:00  Probe x4  
  109  11:11  Assimilator  
  109  11:12  Probe  
  109  11:14  Probe  
  109  11:18  Pylon  
  111  11:19  Pylon  
  111  11:21  Templar Archives  
  111  11:23  Assimilator  
  111  11:25  Dark Shrine  
  111  11:38  Photon Cannon  
  111  11:46  Photon Cannon  
  111  12:27  Void Ray  
  111  12:38  Protoss Air Armor Level 1  
  111  12:39  Adept  
  111  12:40  Extended Thermal Lance  
  111  12:41  Zealot  
  111  12:43  Adept  
  117  12:45  Adept  
  117  12:48  Immortal  
  117  12:50  Phoenix  
  125  12:52  Protoss Ground Weapons Level 3, Zealot  
  125  12:54  Zealot  
  125  12:55  Protoss Ground Armor Level 3  
  125  12:57  Immortal  
  133  12:59  Phoenix  
  133  13:01  Adept  
  133  13:03  Adept  
  137  13:06  Stalker  
  137  13:10  Stalker  
  137  13:11  Resonating Glaives  
  125  13:13  Sentry  
  109  13:21  Adept  
  109  13:23  Adept  
  109  13:25  Stalker  
  109  13:33  Zealot  
  111  13:36  Sentry  
  113  13:41  Stalker  
  113  13:44  Stalker  
  113  13:45  Nexus  
  117  14:14  Protoss Air Weapons Level 2  
  117  15:15  Blink  
  117  15:20  Probe x2, Zealot  
  117  15:21  Probe  
  118  15:22  Probe, Zealot  
  118  15:24  Stalker  
  118  15:26  Stalker  
  125  15:28  Stalker  
  127  15:36  Protoss Shields Level 2  
  127  15:39  Pylon  
  127  15:46  Pylon  
  127  15:49  Zealot  
  123  15:51  Assimilator, Phoenix  
  123  15:52  Zealot  
  123  15:54  Sentry  
  123  15:56  Phoenix  
  111  15:59  Observer, Assimilator  
  111  16:01  Stalker  
  111  16:03  Zealot  
  99  16:06  Immortal  
  99  16:10  Adept  
  97  16:12  Stalker, Photon Cannon  
  97  16:17  Adept  
  97  16:18  Protoss Air Armor Level 2  
  101  16:19  Photon Cannon  
  101  16:20  Observer  
  101  16:21  Stalker  
  101  16:24  Stalker  
  106  16:30  Stalker  
  108  16:35  Probe, Sentry  
  108  16:37  Zealot  
  112  16:41  Observer  
  112  16:43  Probe  
  112  16:44  Immortal  
  112  16:45  Probe  
  117  17:22  Probe x3  
  114  17:23  Probe x2  
  110  17:33  Observer  
  110  17:34  Probe x2  
  110  17:35  Probe x2  
  112  17:43  Phoenix  
  108  17:45  Phoenix  
  108  17:46  Probe x2  
  108  17:47  Probe x2  
  111  17:54  Zealot  
  111  17:56  Zealot  
  111  17:58  Probe x2, Sentry  
  107  17:59  Probe x2  
  107  18:00  Zealot  
  107  18:02  Stalker  
  97  18:09  Zealot  
  97  18:10  Probe  
  88  18:14  Void Ray  
  88  18:19  Void Ray  
  85  18:24  High Templar  
  89  18:34  Sentry  
  93  18:42  High Templar  
  93  18:47  Void Ray, Zealot  
  88  18:57  Zealot  
  94  19:05  Stalker  
  92  19:10  Zealot  
  94  19:17  Zealot  
  94  19:18  Psionic Storm  
  94  19:22  Void Ray  
  96  19:27  Probe  
  97  19:34  High Templar  
  99  19:40  Nexus  
  96  19:53  Cybernetics Core  
  88  20:06  High Templar  
  79  20:17  Forge  
  52  21:09  Probe  
  42  21:13  Probe  
  42  21:14  Probe  
  42  21:17  Pylon  
  24  21:24  Forge  
  18  21:29  Nexus  
Tags
 
Add a new tag
Caveats
  • Supply blocks, unpowered buildings, or Contaminate may cause inaccurate times.
  • Supply counts are checked every 10 seconds.